 Dungeon Crawl Stone Soup version 0.22-b1-26-g9dbaab1 (webtiles) character file.

1128 abbott299 the Changer (level 8, -4/54 HPs)
             Began as an Octopode Transmuter on Aug 6, 2018.
             Slain by a worker ant (6 damage)
             ... on level 6 of the Dungeon.
             The game lasted 00:23:44 (7799 turns).

abbott299 the Changer (Octopode Transmuter)         Turns: 7799, Time: 00:23:44

Health: -4/54      AC:  1    Str:  9    XL:     8   Next: 35%
Magic:  13/13      EV: 15    Int: 17    God:
Gold:   286        SH:  0    Dex: 13    Spells: 10/14 levels left

rFire    . . .     SeeInvis .     - Unarmed
rCold    . . .     Gourm    .   (no shield)
rNeg     + . .     Faith    .   (helmet restricted)
rPois    +         Spirit   .   (no amulet)
rElec    .         Reflect  .   l - ring of stealth {Stlth+}
rCorr    .         Harm     .   n - ring "Nenel" {+Blink rPois rN+}
MR       .....                  (no ring)
Stlth    +++.......             (no ring)
HPRegen  0.18/turn              (no ring)
MPRegen  0.13/turn              (no ring)
                                (no ring)
                                (no ring)

@: no status effects
A: almost no armour, stealthy swim, amphibious, 8 rings, constrict 8, camouflage
1, gelatinous body 1
a: Evoke Blink


You were on level 6 of the Dungeon.
You were hungry.

You visited 2 branches of the dungeon, and saw 8 of its levels.

You collected 286 gold pieces.

Inventory:

Hand Weapons
 g - a +1 hunting sling
   (You found it on level 1 of the Dungeon)
Missiles
 b - 266 stones (quivered)
 e - 92 arrows
Jewellery
 l - a ring of stealth (left tentacle) {Stlth+}
   (You found it on level 3 of the Dungeon)
 n - the ring "Nenel" (right tentacle) {+Blink rPois rN+}
   (You found it on level 5 of the Dungeon)

   [ring of positive energy]

   It protects you from poison.
   It protects you from negative energy.
   It lets you blink.
Wands
 h - a wand of random effects (13)
   (You found it on level 6 of the Dungeon)
Scrolls
 a - 4 scrolls of identify
 f - 3 scrolls of teleportation
 k - 2 scrolls of random uselessness
 p - 2 scrolls of fog
Potions
 d - a potion of curing
 i - 2 potions of invisibility
 j - a potion of degeneration {!q}
 m - a potion of cancellation
 o - a potion of haste
 q - a potion of agility
Comestibles
 c - 11 rations


   Skills:
 + Level 3.8 Fighting
 + Level 4.2 Dodging
 + Level 4.8 Unarmed Combat
 + Level 3.9 Spellcasting
 * Level 5.6 Transmutations
 + Level 2.1 Poison Magic


You had 10 spell levels left.
You knew the following spells:

 Your Spells              Type           Power        Failure   Level  Hunger
a - Beastly Appendage     Tmut           ###...       1%          1    None
c - Spider Form           Tmut/Pois      ###.......   10%         3    ###....

Your spell library contained the following spells:

 Spells                   Type           Power        Failure   Level  Hunger
 Blade Hands              Tmut           ###.......   38%         5    ######.
 Ice Form                 Ice/Tmut       ##......     45%         4    ####...
 Sticks to Snakes         Tmut           ###.....     2%          2    ##.....


Dungeon Overview and Level Annotations

Branches:
Dungeon (7/15)             Temple (1/1) D:5

Altars:
Cheibriados
Dithmenos
Elyvilon
Gozag
Kikubaaqudgha
Makhleb
Okawaru
Qazlal
Sif Muna
Uskayaw
Vehumet
Xom
Yredelemnul
Zin
The Shining One

Shops:
D:5 ?   D:6 ?

Portals:
Ossuary: D:7


Innate Abilities, Weirdness & Mutations

You cannot wear most types of armour.
You are very stealthy in the water. (Stealth+)
You are amphibious.
You can wear up to eight rings at the same time.
You can use your tentacles to constrict eight enemies at once.
Your skin changes colour to match your surroundings (Stealth+).
Your rubbery body absorbs attacks. (AC +1, EV +1)


Message History

As you read the scroll of identify, it crumbles to dust.
d - a potion of curing
As you read the scroll of identify, it crumbles to dust.
q - a potion of agility
As you read the scroll of identify, it crumbles to dust.
p - 2 scrolls of fog Your transformation has ended.
You start resting.
You hear the slow hiss of an avalanche of sand nearby.
You regained 6 hp, and now have 27/54 hp.
e - 90 arrows (gained 5)
You see here an uncursed shortbow.
e - 91 arrows (gained 1)
e - 92 arrows (gained 1)
There is a stone staircase leading up here.
A hound comes into view.
Found a sand-covered staircase.
You see here a war axe.
A human zombie comes into view.
You see here a war axe.
Found a ration.
Found a stone staircase leading down.
A crimson imp comes into view.
A worker ant comes into view.
The helpless human zombie fails to defend itself.
You tentacle-slap the human zombie. You grab the human zombie.
You squeeze the human zombie! You constrict the human zombie.
The human zombie misses you.
You bludgeon the human zombie! You constrict the human zombie.
The human zombie barely misses you.
You tentacle-slap the human zombie.
You squeeze the human zombie, but do no damage.
You constrict the human zombie.
The hound barks!
The worker ant twitches its antennae in your direction.
The human zombie closely misses you.
You tentacle-slap the human zombie. You constrict the human zombie.
You bludgeon the human zombie!
You destroy the human zombie!
You are too injured to fight recklessly!
You tentacle-slap the hound. Your grab misses the hound. The hound bites you.
You take 1 damage, and have 30/54 hp.
You barely miss the hound. You grab the hound.
You constrict the hound, but do no damage.
The hound barely misses you.
Okay, then.
You tentacle-slap the hound. You squeeze the hound!
You kill the hound!
An adder comes into view.
The worker ant closely misses you.
You barely miss the worker ant.
The adder hisses angrily.
You grab the worker ant.
You constrict the worker ant, but do no damage.
The crimson imp shouts!
The crimson imp blinks!
The worker ant bites you.
You take 2 damage, and have 29/54 hp.
You tentacle-slap the worker ant but do no damage.
You squeeze the worker ant, but do no damage.
You constrict the worker ant, but do no damage.
The worker ant bites you!
You take 8 damage, and have 21/54 hp.
You tentacle-slap the worker ant but do no damage.
You constrict the worker ant, but do no damage.
The worker ant bites you.
You take 4 damage, and have 17/54 hp.
You release your grip on the worker ant.
A kobold comes into view. It is wielding a club.
Okay, then.
Unknown command.
You completely miss the worker ant. You grab the worker ant.
You constrict the worker ant. The worker ant bites you!
* * * LOW HITPOINT WARNING * * *
You take 7 damage, and have 11/54 hp.
You release your grip on the worker ant.
The worker ant barely misses you.
There is a stone staircase leading up here.
The worker ant barely misses you. The adder barely misses you.
You climb upwards.
There is a stone staircase leading down here.
You are too injured to fight recklessly!
You completely miss the adder. Your grab misses the adder.
Your squeeze misses the adder. The adder closely misses you.
The worker ant bites you!
* * * LOW HITPOINT WARNING * * *
You take 7 damage, and have 5/54 hp.
You closely miss the adder. You grab the adder. You squeeze the adder.
You constrict the adder. The adder barely misses you.
The worker ant closely misses you. The adder bites you.
* * * LOW HITPOINT WARNING * * *
You take 1 damage, and have 4/54 hp.
You barely miss the adder. You constrict the adder. The worker ant bites you.
* * * LOW HITPOINT WARNING * * *
The adder closely misses you. The worker ant misses you.
You take 2 damage, and have 2/54 hp.
You tentacle-slap the adder. You constrict the adder. The adder misses you.
The worker ant closely misses you.
You tentacle-slap the adder.
You kill the adder!
The worker ant bites you.
You die...

###.# #.# #...#
##'## ##.#.# ##...##
#....## ##.....##
#.....# ##.......##
#.....####.........#
##.......+.........+
##...####.....†...#
##..# ##.....@.##
#..# ##...a.## #..#
##...## #### #..#
###'## .... #..#
##.#.# ... #..#
###....# ..#
#..###......###..#
#................#
#.####........#..#


You could see a worker ant.

Vanquished Creatures
  A black bear (D:4)
  An ogre (D:5)
  2 centaurs
  3 crimson imps
  2 centaur skeletons (D:4)
  3 hounds
  A bullfrog skeleton (D:7)
  An orc priest (D:5)
  3 orc wizards
  A human zombie (D:7)
  An iguana (D:5)
  A worker ant (D:4)
  2 hound skeletons
  A worker ant zombie (D:5)
  10 adders
  3 gnolls (D:2)
  3 shadow imps (D:5)
  3 oozes
  2 adder skeletons
  2 worms
  A dart slug (D:2)
  6 leopard geckos
  15 orcs
  4 giant cockroaches
  7 goblins
  2 hobgoblins (D:1)
  11 jackals
  10 kobolds
  A quokka (D:4)
  A ball python (D:1)
  8 bats
  A frilled lizard (D:1)
  A gnoll zombie (D:7)
  A leopard gecko zombie (D:5)
  A quokka skeleton (D:5)
  8 rats
124 creatures vanquished.

Notes
Turn   | Place    | Note
-------+----------+-------------------------------------------
     0 | D:1      | abbott299 the Octopode Transmuter began the quest for the Orb.
     0 | D:1      | Reached XP level 1. HP: 13/13 MP: 3/3
   313 | D:1      | Reached XP level 2. HP: 15/18 MP: 5/5
   949 | D:1      | Reached XP level 3. HP: 23/23 MP: 6/6
  1368 | D:2      | Found a stormy altar of Qazlal.
  1626 | D:2      | Reached XP level 4. HP: 12/29 MP: 7/7
  1633 | D:2      | HP: 7/29 [poisoned by an adder]
  1639 | D:2      | HP: 5/29 [poisoned by an adder]
  1647 | D:2      | HP: 3/29 [poisoned by an adder]
  1653 | D:2      | HP: 2/29 [poisoned by an adder]
  1658 | D:2      | HP: 2/29 [poisoned by an adder]
  1664 | D:2      | HP: 1/29 [poisoned by an adder]
  2025 | D:2      | Reached skill level 3 in Transmutations
  2419 | D:2      | Reached XP level 5. HP: 34/34 MP: 6/8
  2437 | D:2      | Reached skill level 2 in Fighting
  4170 | D:5      | Entered Level 5 of the Dungeon
  4224 | D:4      | Reached skill level 3 in Dodging
  4257 | D:4      | Noticed a black bear
  4272 | D:4      | Killed a black bear
  4272 | D:4      | Reached skill level 4 in Unarmed Combat
  4272 | D:4      | Reached skill level 3 in Spellcasting
  4272 | D:4      | Reached XP level 6. HP: 14/41 MP: 8/10
  4518 | D:4      | Reached skill level 4 in Transmutations
  4961 | D:4      | Reached XP level 7. HP: 44/45 MP: 11/11
  5184 | D:4      | Reached skill level 3 in Fighting
  5830 | D:5      | Learned a level 3 spell: Spider Form
  5836 | D:5      | Found Gaenosh's Magic Scroll Boutique.
  5945 | D:5      | Found a staircase to the Ecumenical Temple.
  6000 | Temple   | Entered the Ecumenical Temple
  6261 | D:5      | Reached skill level 5 in Transmutations
  6299 | D:5      | Reached skill level 1 in Poison Magic
  6633 | D:5      | Got a bound amber ring
  6634 | D:5      | Identified the ring "Nenel" {+Blink rPois rN+} (You found it on level 5 of the Dungeon)
  6783 | D:5      | Reached XP level 8. HP: 50/52 MP: 13/13
  6802 | D:5      | Reached skill level 4 in Dodging
  7609 | D:6      | Found Qyirizoq's Magic Scroll Shoppe.
  7708 | D:7      | Reached skill level 2 in Poison Magic
  7766 | D:7      | Found a sand-covered staircase.
  7787 | D:7      | HP: 11/54 [worker ant (7)]
  7795 | D:6      | HP: 5/54 [worker ant (7)]
  7797 | D:6      | HP: 2/54 [worker ant (3)]
  7799 | D:6      | Slain by a worker ant

Skill      XL: |  1  2  3  4  5  6  7  8 |
---------------+-------------------------+-----
Transmutations | 3 4 5 |  5.6
Fighting       | 2 3 |  3.8
Dodging        | 3 4 |  4.2
Unarmed Combat | 4 |  4.8
Spellcasting   | 3 |  3.9
Poison Magic   | 1 2 |  2.1

Action                   |  1- 3 |  4- 6 |  7- 9 || total
-------------------------+-------+-------+-------++-------
Melee: Unarmed           |    66 |   129 |   189 ||   384
       Constrict         |    18 |    32 |    28 ||    78
       Tentacles         |    11 |    22 |    28 ||    61
       Punch             |     2 |     3 |     4 ||     9
       Kick              |     3 |    17 |     2 ||    22
 Fire: Hunting sling     |     6 |       |       ||     6
Throw: Stone             |    87 |   130 |    88 ||   305
 Cast: Beastly Appendage |     4 |     6 |     2 ||    12
       Spider Form       |       |       |     3 ||     3
 Abil: Evoke Blink       |       |       |     1 ||     1
  Use: Potion            |       |     1 |       ||     1
       Scroll            |       |     4 |     7 ||    11
 Stab: Sleeping          |       |       |     2 ||     2
  Eat: Chunk             |     2 |     7 |     9 ||    18
       Ration            |       |     1 |       ||     1
Armor: Skin              |     4 |    12 |     3 ||    19
Dodge: Dodged            |    28 |    81 |   121 ||   230

Vault maps used:
D:1:      lemuel_arrival_funnel, minmay_distorted
D:2:      grunt_qazlal_sundering, minmay_bisected
D:3:      first_ration
D:5:      minmay_temple_entry_statues_pillars, serial_shops, shop
D:6:      serial_shops, shop, ebering_ghost_reflecting_pool
D:7:      cheibrodos_fzero, enter_ossuary_3, grunt_livestock, tso_metal_star
Temple:   minmay_crystal_snake_temple

Table legend:
 A = Turns spent in this place as a percentage of turns spent in the entire game.
 B = Non-inter-level travel turns spent in this place as a percentage of non-inter-level travel turns spent in the entire game.
 C = Inter-level travel turns spent in this place as a percentage of turns spent in this place.
 D = Turns resting spent in this place as a percentage of non-inter-level travel turns spent in this place.
 E = Turns spent auto-exploring this place as a percentage of non-inter-level travel turns spent in this place.
 F = Non-inter-level travel turns spent in this place divided by the number of levels of this place that you've seen.
                   A       B       C       D       E      F
               +-------+-------+-------+-------+-------+----------------------
         Total | 100.0 | 100.0 |   2.7 |  32.4 |  44.3 | 949.0
       Dungeon |  98.7 |  98.7 |   2.6 |  32.8 |  43.6 | 1071.0
        Temple |   1.3 |   1.3 |   6.9 |   0.0 |  96.8 |  95.0
               +-------+-------+-------+-------+-------+----------------------

Table legend:
 A = Kills in this place as a percentage of kills in entire the game.
 B = Kills by you in this place as a percentage of kills by you in the entire game.
 C = Kills by friends in this place as a percentage of kills by friends in the entire game.
 D = Other kills in this place as a percentage of other kills in the entire game.
 E = Experience gained in this place as a percentage of experience gained in the entire game.
 F = Experience gained in this place divided by the number of levels of this place that you have seen.
                   A       B       C       D       E      F
               +-------+-------+-------+-------+-------+----------------------
         Total | 100.0 | 100.0 |   N/A |   N/A | 100.0 | 201.5
       Dungeon | 100.0 | 100.0 |   N/A |   N/A | 100.0 | 230.3
               +-------+-------+-------+-------+-------+----------------------
